 Dungeon Crawl Stone Soup version 0.24-a0-715-g0b739ee41d (webtiles) character file.

Game seed: 589049400221223996, levelgen mode: deterministic

476 Arixos the Sneak (level 6, -13/36 HPs)
             Began as a Vampire Enchanter on Sept 30, 2019.
             Was an Initiate of Dithmenos.
             Mangled by an ogre
             ... wielding a +0 giant club
              (26 damage)
             ... on level 6 of the Dungeon.
             The game lasted 00:49:16 (5364 turns).

Arixos the Sneak (Vampire Enchanter)                Turns: 5364, Time: 00:49:16

Health: -13/36     AC:  5    Str:  5 (7)  XL:     6   Next: 85%
Magic:  3/10       EV: 13    Int: 16 (18) God:    Dithmenos [......]
Gold:   304        SH:  6    Dex: 15 (16) Spells: 3/11 levels left

rFire    . . .     SeeInvis +   h - +3 dagger (venom)
rCold    + + .     Gourm    .   (no shield)
rNeg     + + +     Faith    .   g - +1 leather armour
rPois    ∞         Spirit   .   (no helmet)
rElec    .         Reflect  +   (no cloak)
rCorr    .         Harm     .   (no gloves)
MR       .....                  k - +0 pair of boots (curse)
Stlth    +++++.....             u - +6 amulet of reflection
HPRegen  0.00/turn              (no ring)
MPRegen  0.12/turn              (no ring)

@: bloodless, regenerating quickly
A: no food, fangs 3, see invisible, unbreathing
a: Bat Form, Revivify, Renounce Religion


You were on level 6 of the Dungeon.
You worshipped Dithmenos.
Dithmenos was noncommittal.
You were bloodless.

You visited 2 branches of the dungeon, and saw 7 of its levels.

You collected 304 gold pieces.

Inventory:

Hand Weapons
 a - a +2 dagger
 h - a +3 dagger of venom (weapon)
 r - a +2 dagger of electrocution
Armour
 g - a +1 leather armour (worn)
 k - a cursed +0 pair of boots (worn)
Jewellery
 u - a +6 amulet of reflection (around neck)
Wands
 x - a wand of disintegration (11)
Scrolls
 d - 4 scrolls of remove curse
 o - 3 scrolls of teleportation
Potions
 c - 2 potions of flight
 e - a potion of ambrosia {unknown}
 f - 2 potions of curing {unknown}
 i - a potion of mutation {unknown}
 j - a potion of brilliance {unknown}
 m - a potion of resistance {unknown}
 p - a potion of berserk rage {unknown}
 q - a potion of magic {unknown}
 w - a potion of degeneration {unknown}


   Skills:
 + Level 2.3 Fighting
 + Level 3.3 Short Blades
 + Level 3.7 Dodging
 + Level 6.4 Stealth
 + Level 3.2 Spellcasting
 + Level 6.1 Hexes


You had 3 spell levels left.
You knew the following spells:

 Your Spells              Type           Power        Failure   Level  Hunger
a - Ensorcelled Hibernat  Hex/Ice        ##....       13%         2    N/A
c - Confuse               Hex            ###.....     8%          3    N/A
d - Tukima's Dance        Hex            ###.....     8%          3    N/A

Your spell library contained the following spells:

 Spells                   Type           Power        Failure   Level  Hunger
 Corona                   Hex            ###....      2%          1    N/A
 Dazzling Spray           Conj/Hex       ##....       26%         3    N/A
 Summon Guardian Golem    Hex/Summ       ##......     26%         3    N/A
 Summon Small Mammal      Summ           #...         30%         1    N/A
 Call Imp                 Summ           #.......     43%         2    N/A
 Call Canine Familiar     Summ           #.......     67%         3    N/A
 Summon Ice Beast         Ice/Summ       #.......     97%         4    N/A
 Summon Lightning Spire   Summ/Air       #.......     97%         4    N/A

Dungeon Overview and Level Annotations

Branches:
Dungeon (6/15)             Temple (1/1) D:4

Altars:
Ashenzari
Cheibriados
Dithmenos
Elyvilon
Gozag
Kikubaaqudgha
Makhleb
Nemelex Xobeh
Okawaru
Qazlal
Ru
Sif Muna
Trog
Uskayaw
Vehumet
Wu Jian
Xom
Yredelemnul
Zin
The Shining One


Innate Abilities, Weirdness & Mutations

You do not eat.
You do not regenerate when monsters are visible.
You are frail without blood (-20% HP).
You are immune to poison.
You have razor-sharp teeth.
You have supernaturally acute eyesight. (SInv)
You can survive without breathing.


Message History

The bullfrog zombie is almost destroyed.
The bullfrog zombie misses you. The bullfrog zombie misses you.
You hit the bullfrog zombie.
You destroy the bullfrog zombie!
Dithmenos accepts your kill.
The orc priest mumbles some strange prayers to Beogh against you.
Beogh smites you!
The orc shouts!
You hear a shout!
Found 17 gold pieces and a ration.
There is a stone staircase leading down here.
You climb downwards.
A quokka, 3 jackals and an ogre come into view.
The jackal barks! x2; The ogre shouts!
The jackal barks!
You hear a bark!
Found a scroll labeled APSEFI ODEHOTT and 2 lumpy ruby potions.
There is a stone staircase leading up here.
The jackal misses you. You block the jackal's attack.
The ogre hits you with a +0 giant club!!
Ouch! That really hurt!
You die...

#.#.
... !.?
.. #.##
#..#
#O.#
#h@#
#h.h#
...##h#
### #.#
#.# #r#
... #.#


You could see an ogre, a quokka and 4 jackals.

Vanquished Creatures
  A scorpion (D:4)
  A bullfrog zombie (D:5)
  A crimson imp (D:5)
  3 orc priests
  An iguana (D:4)
  A worker ant (D:4)
  2 orc wizards
  4 adders (D:2)
  A howler monkey skeleton (D:4)
  An adder skeleton (D:4)
  5 worms
  3 dart slugs
  4 leopard geckos
  4 orcs
  5 giant cockroaches
  9 goblins
  15 hobgoblins
  4 jackals (D:3)
  4 quokkas
  4 bats
  4 frilled lizards
  11 kobolds
  A leopard gecko skeleton (D:4)
  11 rats
100 creatures vanquished.

Vanquished Creatures (others)
  A leopard gecko (D:4)
  A rat (D:2)
2 creatures vanquished.

Grand Total: 102 creatures vanquished

Notes
Turn   | Place    | Note
-------+----------+-------------------------------------------
     0 | D:1      | Arixos the Vampire Enchanter began the quest for the Orb.
     0 | D:1      | Reached XP level 1. HP: 13/13 MP: 3/3
   103 | D:1      | Reached XP level 2. HP: 11/16 MP: 5/5
   198 | D:1      | Learned a level 2 spell: Ensorcelled Hibernation
  1236 | D:2      | Reached XP level 3. HP: 20/20 MP: 6/6
  1242 | D:2      | Learned a level 3 spell: Confuse
  1266 | D:2      | Reached skill level 5 in Stealth
  1281 | D:2      | Found a white marble altar of Elyvilon.
  1746 | D:2      | Reached XP level 4. HP: 24/24 MP: 2/7
  1818 | D:2      | Reached skill level 1 in Fighting
  1818 | D:2      | Reached skill level 5 in Hexes
  2566 | D:3      | Reached XP level 5. HP: 21/29 MP: 0/8
  2861 | D:3      | Learned a level 3 spell: Tukima's Dance
  3398 | D:4      | Found a burning altar of Makhleb.
  3399 | D:4      | Found a hide-covered altar of Uskayaw.
  3400 | D:4      | Found a sparkling altar of Nemelex Xobeh.
  3400 | D:4      | Found a shadowy altar of Dithmenos.
  3400 | D:4      | Found a glowing silver altar of Zin.
  3401 | D:4      | Found a bloodstained altar of Trog.
  3425 | D:4      | Became a worshipper of Dithmenos the Shadowed
  3724 | D:4      | Got a fine robe
  3731 | D:4      | Reached XP level 6. HP: 35/35 MP: 7/10
  3766 | D:4      | Identified the +0 robe of the Sun {Int+2} (You found it on
                  | level 4 of the Dungeon)
  3803 | D:4      | Found a staircase to the Ecumenical Temple.
  3833 | Temple   | Entered the Ecumenical Temple
  4945 | D:5      | Entered Level 5 of the Dungeon
  5364 | D:6      | Mangled by an ogre

Levels and vault maps discovered:
D:1:      matt_arrival_diagonals, layout_basic, hex_large
D:2:      layout_loops_ring, elyvilon_altar_4, minivault_14
D:3:      layout_basic, kennysheep_generic_room_7
D:4:      layout_loops_cross, grunt_temple_overflow_open,
          minmay_temple_entry_antechambers, first_ration, lemuel_flame_loot_1
D:5:      layout_loops_ring, serial_shops, shop_fountains, roderic_roman_lattice
D:6:      layout_loops_ring, fedhas_bush_and_centaur_altar, tgw_trog
Temple:   nicolae_temple_figure_eight

Skill      XL: |  1  2  3  4  5  6 |
---------------+-------------------+-----
Stealth        | 5 6 |  6.4
Short Blades   | 2 3 |  3.3
Fighting       | 1 2 |  2.3
Hexes          | 5 6 |  6.1
Dodging        | 3 |  3.7
Spellcasting   | 3 |  3.2

Action                   |  1- 3 |  4- 6 || total
-------------------------+-------+-------++-------
Melee: Dagger            |    74 |   139 ||   213
       Bite              |     5 |     9 ||    14
 Cast: Corona            |     1 |       ||     1
       Ensorcelled Hiber |    25 |    14 ||    39
       Confuse           |       |     8 ||     8
       Tukima's Dance    |       |     3 ||     3
 Abil: Exsanguinate      |     1 |       ||     1
       End Transformatio |       |     1 ||     1
       Bat Form          |       |     1 ||     1
  Use: Scroll            |     5 |     7 ||    12
 Stab: Sleeping          |    30 |    27 ||    57
       Confused          |       |     3 ||     3
       Distracted        |       |     1 ||     1
Armor: Leather armour    |    10 |    14 ||    24
Dodge: Dodged            |    39 |    62 ||   101
Block: Other             |       |     7 ||     7

Table legend:
 A = Non-vault XP
 B = Vault XP
 C = Vault XP percentage of total XP
 D = Non-vault monster count
 E = Vault monster count
 F = Vault count percentage of total count
                 A         B        C        D         E       F
            +---------+---------+-------+---------+---------+-------
      Total |     679 |       2 |   0.3 |      98 |       2 |   2.0
            +---------+---------+-------+---------+---------+-------
        D:1 |      36 |       0 |   0.0 |      21 |       0 |   0.0
        D:2 |     119 |       0 |   0.0 |      33 |       0 |   0.0
        D:3 |     128 |       2 |   1.5 |      27 |       2 |   6.9
        D:4 |     175 |       0 |   0.0 |      11 |       0 |   0.0
        D:5 |     221 |       0 |   0.0 |       6 |       0 |   0.0
            +---------+---------+-------+---------+---------+-------
